 Dungeon Crawl Stone Soup version 0.26.0-16-gc1dbca0489 (webtiles) character file.

Game seed: 7625783973684693448

751 thiole the Covert (level 7, -1/41 HPs)
             Began as an Octopode Hedge Wizard on Jan 20, 2021.
             Was an Initiate of Gozag.
             Slain by a sky beast (5 damage)
             ... on level 6 of the Dungeon.
             The game lasted 00:11:02 (6709 turns).

thiole the Covert (Octopode Hedge Wizard)           Turns: 6709, Time: 00:11:02

Health: -1/41      AC:  5    Str:  9    XL:     7   Next: 78%
Magic:  11/15      EV: 13    Int: 25    God:    Gozag
Gold:   120        SH:  0    Dex: 11    Spells: 11/17 levels left

rFire    x . .     SeeInvis .   a - +0 dagger
rCold    + . .     Faith    .   (no shield)
rNeg     . . .     Spirit   .   b - +0 hat
rPois    .         Reflect  .   (no amulet)
rElec    .         Harm     .   d - +4 ring of protection
rCorr    .         Rampage  .   h - ring of ice
Will     .....                  n - +6 ring of intelligence
Stlth    +++++.....             (no ring)
HPRegen  0.13/turn              (no ring)
MPRegen  0.14/turn              (no ring)
                                (no ring)
                                (no ring)

@: hasted, very quick
A: almost no armour, stealthy swim, amphibious, 8 rings, constrict 8, camouflage
1, gelatinous body 1
a: Renounce Religion, Potion Petition, Call Merchant, Bribe Branch


You were on level 6 of the Dungeon.
You worshipped Gozag.
Gozag was aware of your devotion.
You visited 2 branches of the dungeon, and saw 7 of its levels.

You collected 183 gold pieces.
You paid 63 gold pieces to Gozag.

Inventory:

Hand Weapons
 a - a +0 dagger (weapon)
 l - a +1 vorpal halberd
 o - a +1 antimagic dagger
Armour
 b - a +0 hat (worn)
Jewellery
 d - a +4 ring of protection (left tentacle)
 h - a ring of ice (right tentacle)
 n - a +6 ring of intelligence (on tentacle)
 r - an uncursed amulet of faith
Scrolls
 g - 2 scrolls of identify
 j - 2 scrolls of magic mapping {unknown}
 m - a scroll of teleportation {unknown}
 p - a scroll of fear {unknown}
 q - a scroll of random uselessness {unknown}
Potions
 c - 2 potions of haste
 e - a potion of mutation {unknown}
 f - a potion of flight {unknown}
 i - 2 potions of curing {unknown}
 k - a potion of attraction {unknown}
 s - a potion of degeneration {unknown}


   Skills:
 - Level 2.0 Dodging
 + Level 8.0 Stealth
 + Level 5.7 Spellcasting
 - Level 2.0 Conjurations
 - Level 2.0 Summonings
 - Level 1.0 Translocations
 * Level 1.9 Air Magic


You had 11 spell levels left.
You knew the following spells:

 Your Spells              Type           Power        Failure   Level
a - Magic Dart            Conj           68%          3%          1
b - Call Imp              Summ           17%          4%          2
c - Mephitic Cloud        Conj/Pois/Air  13%          13%         3

Your spell library contained the following spells:

 Spells                   Type           Power        Failure   Level
 Blink                    Tloc           N/A          8%          2
 Slow                     Hex            7%           12%         2
 Conjure Flame            Conj/Fire      12%          16%         3


Dungeon Overview and Level Annotations

Branches:
Dungeon (6/15)             Temple (1/1) D:6

Altars:
Gozag
Kikubaaqudgha
Okawaru
Ru
Sif Muna
Yredelemnul
Zin

Annotations:
D:3 1 runed translucent door, Crazy Yiuf


Innate Abilities, Weirdness & Mutations

You cannot wear most types of armour.
You are very stealthy in the water. (Stealth+)
You are amphibious.
You can wear up to eight rings at the same time.
You can use your tentacles to constrict eight enemies at once.
Your skin changes colour to match your surroundings (Stealth+).
Your rubbery body absorbs attacks. (AC +1, EV +1)


Message History

Your white imp closely misses the sky beast.
Your crimson imp blinks!
You miss the sky beast.
The sky beast is moderately wounded.
The sky beast hits you. The sky beast shocks you.
Your white imp gestures at the sky beast.
The puff of frost hits the sky beast.
You hit the sky beast but do no damage.
The sky beast is heavily wounded.
The sky beast flickers out of sight!
Deactivating autopickup; reactivate with Ctrl-A.
Something hits you.
* * * LOW HITPOINT WARNING * * *
Something shocks you.
* * * LOW HITPOINT WARNING * * *
It was a potion of haste.
You feel yourself speed up. Something hits you.
* * * LOW HITPOINT WARNING * * *
Something shocks you.
You die...
Your body crumbles into a pile of gold.

#.########....
........#....
.....#...#.###
....##......
#.#..##...## .
##.##..##...#######
....##.{5##............#
.......@.........###)...
....##...##....### #.###
. ##.##..##.# #.# #
#5#..##..# #.### ....#
..## #.5.. ..... ".#
##### ........# #
.####Z... # .## #


You could see a jackal zombie (dormant), a friendly crimson imp (summoned) and a
friendly white imp (summoned).

Vanquished Creatures
  A scorpion (D:5)
  An orc priest (D:4)
  2 hounds
  A bullfrog skeleton (D:5)
  A centaur skeleton (D:4)
  An iguana (D:4)
  Natasha (D:2)
  A worker ant (D:5)
  6 gnolls
  2 worker ant zombies
  10 adders
  An ooze (D:2)
  2 adder skeletons (D:4)
  3 worms
  2 leopard geckos
  6 orcs
  3 giant cockroaches
  11 hobgoblins
  3 jackals (D:5)
  A quokka (D:2)
  A ball python (D:6)
  6 bats
  9 frilled lizards
  9 goblins
  A jackal skeleton (D:6)
  4 kobolds
  5 rats
94 creatures vanquished.

Vanquished Creatures (collateral kills)
  2 ogres
  A bullfrog (D:6)
  An orc priest (D:6)
  Natasha (twice) (D:2)
  An adder (D:2)
  6 gnolls
  A jackal (D:5)
14 creatures vanquished.

Grand Total: 108 creatures vanquished

Notes
Turn   | Place    | Note
-------+----------+-------------------------------------------
     0 | D:1      | thiole the Octopode Hedge Wizard began the quest for the
                  | Orb.
     0 | D:1      | Reached XP level 1. HP: 11/11 MP: 4/4
   328 | D:1      | Reached XP level 2. HP: 17/17 MP: 3/6
   660 | D:1      | Reached skill level 3 in Stealth
   792 | D:1      | You fall into a shaft and drop 1 floor!
   854 | D:2      | Reached XP level 3. HP: 16/21 MP: 3/7
   858 | D:2      | Learned a level 2 spell: Call Imp
   862 | D:2      | Learned a level 3 spell: Mephitic Cloud
  1158 | D:2      | Noticed Natasha
  1164 | D:2      | Reached XP level 4. HP: 27/27 MP: 0/9
  1171 | D:2      | Killed Natasha
  1172 | D:2      | Reached skill level 4 in Stealth
  1346 | D:2      | Noticed Natasha
  1359 | D:2      | Killed Natasha
  1430 | D:2      | Reached XP level 5. HP: 31/31 MP: 5/10
  1541 | D:2      | HP: 1/31 [quokka (3)]
  1561 | D:2      | Noticed Natasha
  1966 | D:2      | Reached skill level 5 in Stealth
  2122 | D:2      | Killed Natasha
  3564 | D:3      | Found a runed translucent door.
  3565 | D:3      | Noticed Crazy Yiuf
  3735 | D:4      | Reached XP level 6. HP: 28/36 MP: 4/12
  3777 | D:4      | Reached skill level 6 in Stealth
  4397 | D:4      | Reached skill level 5 in Spellcasting
  4925 | D:5      | Entered Level 5 of the Dungeon
  4953 | D:5      | Noticed a phantom
  5220 | D:5      | Reached skill level 7 in Stealth
  5220 | D:5      | Reached XP level 7. HP: 34/41 MP: 4/14
  5982 | D:5      | Found an ancient bone altar of Kikubaaqudgha.
  5982 | D:5      | Found a glowing silver altar of Zin.
  6209 | D:6      | Reached skill level 1 in Air Magic
  6498 | D:6      | Reached skill level 8 in Stealth
  6682 | D:6      | Found a staircase to the Ecumenical Temple.
  6691 | Temple   | Entered the Ecumenical Temple
  6696 | Temple   | Became a worshipper of Gozag Ym Sagoz the Greedy
  6709 | D:6      | Slain by a sky beast

Illustrated notes

Levels and vault maps discovered:
D:1:      dpeg_arrival_arbitrary_c, layout_loops_ring
D:2:      layout_rooms, uniq_natasha
D:3:      layout_loops_ring, uniq_crazy_yiuf_cottage
D:4:      layout_cave_pods
D:5:      layout_cave_pods, grunt_temple_overflow_open
D:6:      layout_loops_corners, minmay_temple_entry_waves
Temple:   regret_index_temple_chain_breaker

Skill      XL: |  1  2  3  4  5  6  7 |
---------------+----------------------+-----
Stealth        | 3 4 5 7 8 |  8.0
Conjurations   | 2 |  2.0
Summonings     | 2 |  2.0
Spellcasting   | 4 5 |  5.7
Air Magic      | 1 |  1.9
Dodging        | |  2.0
Translocations | |  1.0

Action                   |  1- 3 |  4- 6 |  7- 9 || total
-------------------------+-------+-------+-------++-------
Melee: Dagger            |    25 |    82 |    53 ||   160
       Constrict         |     4 |    20 |    10 ||    34
       Tentacles         |     4 |    13 |    15 ||    32
 Cast: Magic Dart        |    50 |   110 |    28 ||   188
       Call Imp          |     3 |    26 |    22 ||    51
  Use: Scroll            |       |     4 |       ||     4
       Potion            |       |       |     3 ||     3
 Stab: Sleeping          |       |     2 |     2 ||     4
       Distracted        |       |     1 |       ||     1
Armor: Skin              |       |     7 |    11 ||    18
Dodge: Dodged            |    18 |    45 |    31 ||    94
